[Event "ICC tourney 2132 (75 10)"]
[Site "Internet Chess Club"]
[Date "2020.11.14"]
[Round "2"]
[White "mopaska1106"]
[Black "Concordborn"]
[Result "1-0"]
[ICCResult "Black resigns"]
[WhiteElo "1933"]
[BlackElo "1734"]
[Opening "Dutch: classical variation"]
[ECO "A96"]
[NIC "HD.01"]
[Time "13:32:17"]
[TimeControl "4500+10"]

1. d4 e6 2. c4 f5 3. Nf3 Nf6 4. g3 Be7 5. Bg2 O-O 6. O-O d6 7. b3 Nbd7 8.
Bb2 Ne4 9. Nbd2 Ndf6 10. Qc2 Qe8 11. Nxe4 fxe4 12. Nd2 d5 13. cxd5 exd5 14.
Qxc7 Bb4 15. Qc2 Bg4 16. Nb1 Rc8 17. Qd1 Qh5 18. f3 Qg5 19. Bc1 e3 20. a3
Rxc1 21. Qxc1 Bd2 22. Nxd2 exd2 23. Qc3 Rc8 24. Qd3 Bf5 25. e4 Bg6 26. Rad1
Re8 27. Qxd2 {Black resigns} 1-0

[Event "ICC tourney 2132 (75 10)"]
[Site "Internet Chess Club"]
[Date "2020.11.14"]
[Round "2"]
[White "agrimjax1"]
[Black "Otelo"]
[Result "0-1"]
[ICCResult "White checkmated"]
[WhiteElo "1444"]
[BlackElo "2051"]
[Opening "Sicilian: Taimanov variation"]
[ECO "B49"]
[NIC "SI.40"]
[Time "13:32:18"]
[TimeControl "4500+10"]

1. e4 c5 2. Nf3 e6 3. Nc3 Nc6 4. d4 cxd4 5. Nxd4 Qc7 6. Be3 a6 7. Be2 Nf6 8.
Bf3 Be7 9. Qd2 O-O 10. O-O Ne5 11. Bf4 d6 12. Bxe5 dxe5 13. Nde2 b5 14. a3
Bb7 15. Ng3 Rac8 16. Rac1 b4 17. Nb1 bxa3 18. Nxa3 Rfd8 19. Qe3 h6 20. Rfd1
Nd7 21. Rb1 Bc5 22. Qb3 Ba8 23. c3 Qa7 24. Qc2 Bc6 25. Nc4 Qc7 26. Nd2 Qa7
27. Nc4 Qc7 28. Nd2 Nb6 29. Ndf1 Ba4 30. b3 Bb5 31. c4 Bc6 32. Rxd8+ Rxd8
33. Rd1 Bd4 34. Rd2 a5 35. Ne2 Rd7 36. Qd1 Qd8 37. Nfg3 Bxf2+ 38. Kxf2 Rxd2
39. Qa1 Qd4+ 40. Qxd4 exd4 41. Ke1 Rd3 42. Nc1 Re3+ 43. Kd2 a4 44. Nge2 e5
45. c5 axb3 46. cxb6 b2 47. Kc2 bxc1=Q+ 48. Kxc1 Rb3 49. Ng3 g6 50. h4 Rxb6
51. h5 Kg7 52. hxg6 fxg6 53. Ne2 Bb5 54. Ng3 Rc6+ 55. Kd2 Ba4 56. Ke1 Rc2
57. Ne2 d3 58. Ng3 d2+ 59. Kf1 Rc1+ 60. Kf2 d1=Q 61. Bxd1 Rxd1 62. Kf3 Bb5
63. Kg4 Kf6 64. Kh3 Rd3 65. Kh2 Rxg3 66. Kxg3 Kg5 67. Kh2 Kf4 68. Kh1 Kxe4
69. Kh2 Kd3 70. Kh1 e4 71. Kh2 e3 72. Kh1 e2 73. Kh2 e1=Q 74. Kh3 Bd7+ 75.
Kh2 Bc6 76. Kh3 h5 77. Kh2 Qf2 78. Kh3 g5 79. Kh2 Qxg2# {White checkmated}
0-1

[Event "ICC tourney 2132 (75 10)"]
[Site "Internet Chess Club"]
[Date "2020.11.14"]
[Round "2"]
[White "BadWolf"]
[Black "VincentT2008"]
[Result "1-0"]
[ICCResult "Black resigns"]
[WhiteElo "1969"]
[BlackElo "1744"]
[Opening "King's Indian: 4.e4"]
[ECO "E70"]
[NIC "KI.31"]
[Time "13:32:26"]
[TimeControl "4500+10"]

1. d4 Nf6 2. c4 g6 3. Nc3 Bg7 4. e4 d6 5. Bd3 O-O 6. Nge2 e5 7. d5 Nbd7 8.
Bg5 h6 9. Be3 Ng4 10. Bd2 f5 11. f3 Ngf6 12. exf5 Nc5 13. Bc2 gxf5 14. Ng3
f4 15. Nge4 Nfxe4 16. Nxe4 Nxe4 17. Bxe4 Qh4+ 18. Ke2 Bf5 19. Qc2 Bxe4 20.
Qxe4 Rae8 21. Rae1 Qg5 22. Reg1 Qf5 23. Qxf5 Rxf5 24. Kd3 Rf7 25. Ke4 Rc8
26. Rd1 Bf8 27. g3 c6 28. b3 cxd5+ 29. Kxd5 fxg3 30. hxg3 Rxf3 31. Bxh6 Rxg3
32. Bxf8 Rxf8 33. Rdg1 Rxg1 34. Rxg1+ Kf7 35. Kxd6 Re8 36. Rf1+ Kg6 37. Kd5
e4 38. Kd4 Kg5 39. Ke3 Re7 40. Rf4 Rh7 41. Rf2 Re7 42. c5 a5 43. a3 Kg6 44.
b4 axb4 45. axb4 Re6 46. Rf4 b6 47. Rxe4 Rc6 48. Kd4 bxc5+ 49. bxc5 Kf6 50.
Kd5 Rc8 51. c6 Kf5 52. Re1 Rd8+ 53. Kc5 Rd2 54. c7 Rc2+ 55. Kb6 Rb2+ 56. Ka7
Rc2 57. Kb8 Rb2+ 58. Kc8 Kf6 59. Re4 Rc2 60. Kd7 Rd2+ 61. Kc6 Rc2+ 62. Kd6
Rc1 63. Re8 Kf7 64. c8=Q Rd1+ 65. Kc5 Rc1+ 66. Kb4 Rb1+ 67. Kc3 Rc1+ 68. Kd2
{Black resigns}
1-0

[Event "ICC tourney 2132 (75 10)"]
[Site "Internet Chess Club"]
[Date "2020.11.14"]
[Round "2"]
[White "CoarseCrown"]
[Black "Yucheng"]
[Result "1/2-1/2"]
[ICCResult "Game drawn by mutual agreement"]
[WhiteElo "1753"]
[BlackElo "1873"]
[Opening "QGD: Chigorin defense"]
[ECO "D07"]
[NIC "QP.08"]
[Time "13:32:17"]
[TimeControl "4500+10"]

1. d4 d5 2. c4 Nc6 3. e3 e5 4. dxe5 dxc4 5. Qxd8+ Kxd8 6. Nf3 Bg4 7. Ng5
Nxe5 8. h3 Bd7 9. Bxc4 f6 10. Ne6+ Bxe6 11. Bxe6 Nd3+ 12. Ke2 Nxc1+ 13. Rxc1
Bd6 14. Nc3 Ke7 15. Bb3 c6 16. Rd1 Nh6 17. Ne4 Be5 18. Nc5 b6 19. Ne6 g6 20.
Rd2 Nf7 21. Rad1 Bd6 22. Nd4 Rac8 23. Bxf7 Kxf7 24. Nxc6 Rxc6 25. Rxd6 Rc2+
26. Kf3 Re8 27. R1d2 Rxd2 28. Rxd2 Ke6 29. h4 Rc8
{Game drawn by mutual agreement}
1/2-1/2

[Event "ICC tourney 2132 (75 10)"]
[Site "Internet Chess Club"]
[Date "2020.11.14"]
[Round "2"]
[White "Sricharan07"]
[Black "Kausy"]
[Result "0-1"]
[ICCResult "White resigns"]
[WhiteElo "1826"]
[BlackElo "1786"]
[Opening "Queen's pawn game"]
[ECO "D02"]
[NIC "QP.08"]
[Time "13:32:18"]
[TimeControl "4500+10"]

1. d4 d5 2. Nf3 c6 3. Bf4 Bf5 4. e3 Nf6 5. Bd3 Bxd3 6. Qxd3 e6 7. O-O Be7 8.
c3 O-O 9. Nbd2 Nbd7 10. a3 c5 11. Ne5 cxd4 12. exd4 Nxe5 13. Bxe5 Nd7 14.
Nf3 Nxe5 15. Nxe5 Bd6 16. f4 f6 17. Ng4 Qe8 18. Rae1 f5 19. Ne5 Rf6 20. Qf3
Rh6 21. Rf2 Qe7 22. Rfe2 Qh4 23. g3 Qe7 24. Qg2 g5 25. fxg5 Qxg5 26. Nf3 Qe7
27. Nh4 Qf7 28. Nf3 Rg6 29. Nh4 Rf6 30. Nf3 Rg6 31. Kh1 Kh8 32. Nh4 Rh6 33.
Qf3 Rg8 34. Ng2 Bxg3 35. Rd1 Rxh2+ 36. Kg1 Qg6 37. Rdd2 Qh6 38. Ne3 Bf2+
{White resigns}
0-1

[Event "ICC tourney 2132 (75 10)"]
[Site "Internet Chess Club"]
[Date "2020.11.14"]
[Round "2"]
[White "Zuiopal"]
[Black "SBomm18"]
[Result "0-1"]
[ICCResult "White resigns"]
[WhiteElo "1663"]
[BlackElo "1931"]
[Opening "Nimzo-Indian: classical, 4...c5"]
[ECO "E38"]
[NIC "NI.22"]
[Time "13:32:20"]
[TimeControl "4500+10"]

1. d4 Nf6 2. c4 e6 3. Nc3 Bb4 4. Qc2 c5 5. e3 Nc6 6. Nf3 d5 7. cxd5 Nxd5 8.
Bd3 Ba5 9. O-O Ndb4 10. Qd2 Nxd3 11. Qxd3 O-O 12. a3 Bb6 13. Rd1 cxd4 14.
exd4 h6 15. h3 Ne7 16. Bf4 Nd5 17. Nxd5 Qxd5 18. Rac1 Bd7 19. Ne5 Bb5 20.
Qd2 Ba4 21. Re1 Rad8 22. Rc3 Bxd4 23. Rg3 Kh7 24. Qd3+ Kh8 25. Rxg7 Bxf2+
26. Kxf2 Qxd3 27. Nxd3 Kxg7 28. Ne5 f6 29. Ng4 Rh8 30. Rxe6 Rde8 31. Rxf6 h5
32. Rf5 hxg4 33. Rg5+ Kf7 34. Rxg4 Reg8 35. Bg5 Bc6 36. g3 Rxh3 {White
resigns} 0-1

[Event "ICC tourney 2132 (75 10)"]
[Site "Internet Chess Club"]
[Date "2020.11.14"]
[Round "2"]
[White "corviknight"]
[Black "MacAndSneeze"]
[Result "1-0"]
[ICCResult "Black checkmated"]
[WhiteElo "1813"]
[BlackElo "1545"]
[Opening "Sicilian: Najdorf"]
[ECO "B90"]
[NIC "SI.14"]
[Time "13:32:19"]
[TimeControl "4500+10"]

1. e4 c5 2. Nf3 d6 3. d4 cxd4 4. Nxd4 Nf6 5. Nc3 a6 6. f3 e6 7. Be3 Be7 8.
g4 h6 9. Qd2 b5 10. O-O-O Bb7 11. h4 Nc6 12. Nxc6 Bxc6 13. Bg2 b4 14. Ne2 a5
15. Nd4 Bb7 16. g5 hxg5 17. hxg5 Rxh1 18. Rxh1 Nd7 19. Rh8+ Nf8 20. g6 Qc7
21. Bh3 e5 22. Nf5 fxg6 23. Nxe7 Kxe7 24. Qg2 b3 25. axb3 a4 26. Qg5+ Kf7
27. Bf5 axb3 28. Bxg6+ Nxg6 29. Qf5+ Ke7 30. Bg5# {Black checkmated} 1-0

[Event "ICC tourney 2132 (75 10)"]
[Site "Internet Chess Club"]
[Date "2020.11.14"]
[Round "2"]
[White "amandapati"]
[Black "DanielA1926"]
[Result "1/2-1/2"]
[ICCResult "Game drawn by mutual agreement"]
[WhiteElo "2052"]
[BlackElo "1561"]
[Opening "Sicilian: Taimanov variation"]
[ECO "B46"]
[NIC "SI.39"]
[Time "13:32:15"]
[TimeControl "4500+10"]

1. e4 c5 2. Nf3 e6 3. d4 cxd4 4. Nxd4 Nc6 5. Nc3 a6 6. Nxc6 bxc6 7. Qd4 d5
8. exd5 cxd5 9. Be3 Nf6 10. Bf4 Be7 11. Bd3 O-O 12. O-O Qa5 13. Be5 Bb7 14.
Rfe1 h6 15. a3 Bc5 16. Qf4 Qd8 17. Qg3 Nh5 18. Qf3 Qg5 19. b4 f6 20. bxc5
fxe5 21. Qh3 e4 22. Qxe6+ Kh8 23. Bf1 Nf4 24. Qd7 Bc8 25. Qd6 Bh3 26. Re3
Rad8 27. Rg3 Bg4 28. Qxa6 Nh5 29. Rxg4 Qxg4 30. Qe2 Qg5 31. Qe1 Rc8 32. Qe3
Qxe3 33. fxe3 Rxc5 34. Ne2 Ra5 35. a4 Rfa8 36. Nc3 Rc8 37. Ra3 g6 38. Bb5
Rc5 39. Be2 Nf6 40. Kf2 Kg7 41. Rb3 h5 42. h3 Ra7 43. Ke1 Nd7 44. Nb5 Rxa4
45. Nd4 Kh6 46. Rb7 Ne5 47. Re7 Nc4 48. Re8 Rc7 49. Bxc4 Raxc4 50. Rh8+ Kg7
51. Rd8 Rf7 {Game drawn by mutual agreement} 1/2-1/2

[Event "ICC tourney 2132 (75 10)"]
[Site "Internet Chess Club"]
[Date "2020.11.14"]
[Round "2"]
[White "poohfur"]
[Black "wangfang75"]
[Result "0-1"]
[ICCResult "White resigns"]
[WhiteElo "1699"]
[BlackElo "1857"]
[Opening "Giuoco Piano"]
[ECO "C54"]
[NIC "IG.02"]
[Time "13:32:11"]
[TimeControl "4500+10"]

1. e4 e5 2. Nf3 Nc6 3. Bc4 Bc5 4. c3 Nf6 5. d4 exd4 6. e5 d5 7. Bb5 Nd7 8.
cxd4 Bb6 9. O-O Ne7 10. Ng5 h6 11. Qh5 O-O 12. Bd3 f5 13. Ne6 Qe8 14. Qh3
Rf7 15. Nf4 Nf8 16. Qg3 Bxd4 17. Nh5 Kh8 18. Nc3 Ne6 19. Ne2 Bb6 20. Nef4
Nxf4 21. Bxf4 g5 22. Nf6 gxf4 23. Qxf4 Qf8 24. Qf3 c6 25. a4 Bc7 26. Rfe1
Bxe5 27. Rxe5 Rxf6 28. Rae1 Rf7 29. Qh5 Bd7 30. g4 Qg7 31. Kf1 Ng6 32. R5e3
Nf4 33. Qh4 Nxd3 34. Re7 Nxe1 35. Rxf7 Qxf7 36. Qxh6+ Kg8 37. Qg5+ Qg7
{White resigns}
0-1

[Event "ICC tourney 2132 (75 10)"]
[Site "Internet Chess Club"]
[Date "2020.11.14"]
[Round "2"]
[White "HarleyQueen8"]
[Black "castle2king"]
[Result "1/2-1/2"]
[ICCResult "Game drawn by mutual agreement"]
[WhiteElo "1873"]
[BlackElo "1573"]
[Opening "King's Indian: Semi-Averbakh system"]
[ECO "E73"]
[NIC "KI.27"]
[Time "13:32:21"]
[TimeControl "4500+10"]

1. d4 Nf6 2. c4 g6 3. Nc3 Bg7 4. e4 d6 5. Be2 O-O 6. Be3 Re8 7. h3 h6 8. Qd2
Kh7 9. g4 e5 10. d5 Rh8 11. O-O-O a5 12. g5 hxg5 13. Bxg5 Kg8 14. Bf3 Nbd7
15. h4 b6 16. h5 gxh5 17. Rxh5 Rxh5 18. Bxh5 Qf8 19. Be2 Nh7 20. Be3 Nc5 21.
Bd3 f5 22. exf5 Nxd3+ 23. Qxd3 Qxf5 24. Nb5 Qf7 25. Ne2 Bf5 26. Qd2 Kh8 27.
Ng3 Bg6 28. Rh1 Rf8 29. Qe2 Kg8 30. Qg4 Nf6 31. Qg5 Nh7 32. Qh4 Bf6 33. Qg4
Bg7 34. Nxc7 Nf6 35. Qe6 Qxe6 36. Nxe6 Rc8 37. Kd2 Rxc4 38. Rc1 Rxc1 39.
Kxc1 Nxd5 40. Bg5 Nb4 41. Nxg7 Nxa2+ 42. Kd2 Kxg7 43. Bd8 Nb4 44. Bxb6 Nc6
45. Ne2 Kf6 46. Nc1 Bf7 47. Ne2 Ke6 {Game drawn by mutual agreement} 1/2-1/2

[Event "ICC tourney 2132 (75 10)"]
[Site "Internet Chess Club"]
[Date "2020.11.14"]
[Round "2"]
[White "dabpacman"]
[Black "knvsback"]
[Result "1-0"]
[ICCResult "Black resigns"]
[WhiteElo "1469"]
[BlackElo "1777"]
[Opening "Vienna gambit"]
[ECO "C29"]
[NIC "VG.03"]
[Time "13:32:15"]
[TimeControl "4500+10"]

1. e4 e5 2. Nc3 Nf6 3. f4 d5 4. fxe5 Nxe4 5. Nf3 Nxc3 6. bxc3 Bg4 7. Be2 Be7
8. O-O O-O 9. Nd4 Bxe2 10. Qxe2 Bc5 11. e6 Nc6 12. exf7+ Kh8 13. Bb2 Nxd4
14. cxd4 Bd6 15. Rae1 Qh4 16. g3 Qh3 17. Qf3 c6 18. Re3 Rad8 19. Qe2 Qd7 20.
Qf2 h6 21. Ba3 Rc8 22. Bxd6 Qxd6 23. Qf5 Qd8 24. Re6 Rc7 25. Qh5 Qg5 26.
Qxg5 hxg5 27. Re8 Rxf7 28. Rxf8+ {Black resigns} 1-0

[Event "ICC tourney 2132 (75 10)"]
[Site "Internet Chess Club"]
[Date "2020.11.14"]
[Round "2"]
[White "Jim1108"]
[Black "bopala"]
[Result "1/2-1/2"]
[ICCResult "Game drawn by mutual agreement"]
[WhiteElo "1762"]
[BlackElo "1895"]
[Opening "Polish (Sokolsky) opening"]
[ECO "A00"]
[NIC "VO.10"]
[Time "13:32:25"]
[TimeControl "4500+10"]

1. b4 d5 2. Bb2 Nf6 3. e3 Bg4 4. Nf3 e6 5. b5 Bd6 6. h3 Bh5 7. c4 dxc4 8.
Bxc4 Nbd7 9. O-O Ne5 10. Bxe5 Bxe5 11. d4 Bd6 12. Nbd2 O-O 13. Qb3 Qe7 14.
Rac1 Rfd8 15. a4 Bb4 16. Rb1 Bxd2 17. Nxd2 e5 18. Qb2 exd4 19. exd4 Qd6 20.
Nb3 c6 21. Be2 Bxe2 22. Qxe2 cxb5 23. Qxb5 b6 24. Rbc1 Rac8 25. Rc4 Rxc4 26.
Qxc4 Qd5 {Game drawn by mutual agreement} 1/2-1/2

[Event "ICC tourney 2132 (75 10)"]
[Site "Internet Chess Club"]
[Date "2020.11.14"]
[Round "2"]
[White "pawnpush202044"]
[Black "sujashankar"]
[Result "1-0"]
[ICCResult "Black checkmated"]
[WhiteElo "1904"]
[BlackElo "1675"]
[Opening "Nimzo-Indian: classical variation"]
[ECO "E32"]
[NIC "NI.24"]
[Time "13:32:22"]
[TimeControl "4500+10"]

1. c4 Nf6 2. d4 e6 3. Nc3 Bb4 4. Qc2 O-O 5. Nf3 d5 6. e3 b6 7. cxd5 exd5 8.
Bd3 c5 9. O-O Bb7 10. Rd1 Nbd7 11. a3 Bxc3 12. Qxc3 Rc8 13. Bb1 Qe7 14. Qd3
Ne4 15. Bd2 Ndf6 16. dxc5 Nxc5 17. Qe2 Ba6 18. Qe1 Rfe8 19. Bb4 Qb7 20. Nd4
g6 21. a4 Bc4 22. Bc2 Ne6 23. a5 Ba6 24. Bc3 Ne4 25. Bxe4 dxe4 26. Nxe6 Rxe6
27. Rd4 Ree8 28. axb6 axb6 29. Qd1 Bb5 30. Qb3 Bc6 31. Rad1 Qc7 32. Rd6 Red8
33. Qb4 Rxd6 34. Rxd6 Ra8 35. b3 Bd5 36. Rxd5 Ra1+ 37. Be1 Qe7 38. Qd2 Kg7
39. h3 Qf6 40. Kh2 h5 41. Qc3 Rb1 42. Qxf6+ Kxf6 43. Bc3+ Ke7 44. Rb5 h4 45.
Rxb6 Kd7 46. Bf6 Kc7 47. Rb4 g5 48. Bxg5 f6 49. Bxf6 Rb2 50. Bxh4 Kc6 51. g4
Kd5 52. Bg3 Rb1 53. h4 Ke6 54. Rb5 Kf6 55. h5 Kf7 56. g5 Kg7 57. Rb7+ Kg8
58. g6 Kh8 59. Be5+ Kg8 60. Rb8# {Black checkmated} 1-0

[Event "ICC tourney 2132 (75 10)"]
[Site "Internet Chess Club"]
[Date "2020.11.14"]
[Round "2"]
[White "Goldenmaknae"]
[Black "wahoo"]
[Result "0-1"]
[ICCResult "White forfeits on time"]
[WhiteElo "1865"]
[BlackElo "1662"]
[Opening "Queen's pawn game"]
[ECO "D02"]
[NIC "QP.08"]
[Time "13:32:19"]
[TimeControl "4500+10"]

1. d4 d5 2. Nf3 Bf5 3. Bf4 c6 4. e3 Nf6 5. Be2 e6 6. O-O Be7 7. Nbd2 O-O 8.
Nh4 Bg4 9. Bxg4 Nxg4 10. Qxg4 Bxh4 11. Nf3 Bf6 12. Rfe1 Nd7 13. e4 Re8 14.
e5 Be7 15. Re3 b5 16. Nd2 Nf8 17. Rh3 Ng6 18. Qh5 h6 19. Be3 a5 20. f4 c5
21. c3 cxd4 22. cxd4 Rc8 23. g4 Bf8 24. f5 exf5 25. gxf5 Nxe5 26. dxe5 Rxe5
27. Bf4 Qb6+ 28. Kh1 g6 29. Qh4 Rxf5 30. Bxh6 Rh5 31. Qg4 f5 32. Qg2 Rxh6
33. Qxd5+ Kh8 34. Qe5+ Kh7 35. Rxh6+ Bxh6 36. Qe7+ Bg7 37. Nf3 Qc6 38. Rf1
Qd5 39. a3 Rc4 40. h3 Rc2 41. b4 a4 42. Kg1 Rc8 43. Qh4+ Kg8 44. Qg3 Bd4+
45. Kh1 Kf7 {White forfeits on time} 0-1

[Event "ICC tourney 2132 (75 10)"]
[Site "Internet Chess Club"]
[Date "2020.11.14"]
[Round "2"]
[White "loveEdinburgh"]
[Black "USChessNinja"]
[Result "1/2-1/2"]
[ICCResult "Game drawn by mutual agreement"]
[WhiteElo "1849"]
[BlackElo "1567"]
[Opening "Grünfeld: exchange, Spassky variation"]
[ECO "D87"]
[NIC "GI.05"]
[Time "13:32:12"]
[TimeControl "4500+10"]

1. d4 Nf6 2. c4 g6 3. Nc3 d5 4. cxd5 Nxd5 5. e4 Nxc3 6. bxc3 Bg7 7. Bc4 c5
8. Ne2 O-O 9. O-O Nc6 10. Be3 e6 11. Qd2 b6 12. Rfd1 Bb7 13. f3 Qe7 14. Bg5
f6 15. Be3 Rad8 16. Qe1 cxd4 17. cxd4 Na5 18. Bd3 f5 19. e5 Bd5 20. Qd2 Rc8
21. Nc3 Bc4 22. Rac1 Bxd3 23. Qxd3 Nc4 24. Qe2 Nxe3 25. Qxe3 Qa3 26. Qd2
Rfd8 27. Nb5 Qa4 28. Nd6 Rxc1 29. Rxc1 Bf8 30. d5 Bxd6 31. exd6 Rxd6 32.
Rc8+ Kf7 33. dxe6+ Kxe6 34. Qe2+ Kf7 35. Rc7+ Rd7
{Game drawn by mutual agreement}
1/2-1/2

[Event "ICC tourney 2132 (75 10)"]
[Site "Internet Chess Club"]
[Date "2020.11.14"]
[Round "2"]
[White "matthewrex"]
[Black "kirikiri007"]
[Result "0-1"]
[ICCResult "White resigns"]
[WhiteElo "1606"]
[BlackElo "1578"]
[Opening "Queen's pawn game"]
[ECO "D04"]
[NIC "QP.08"]
[Time "13:32:45"]
[TimeControl "4500+10"]

1. d4 d5 2. Nf3 Nf6 3. e3 Bg4 4. h3 Bh5 5. Be2 e6 6. O-O Bd6 7. Nbd2 O-O 8.
c4 c6 9. c5 Bc7 10. b4 Nbd7 11. Bb2 Re8 12. Re1 Bg6 13. Nh4 e5 14. Nxg6 hxg6
15. dxe5 Nxe5 16. Qc2 Qe7 17. Bc3 Rad8 18. a4 Ned7 19. a5 a6 20. Nf3 Ne4 21.
Bd4 Ne5 22. Qb2 Bb8 23. Rad1 Nxf3+ 24. Bxf3 Be5 25. Bxe5 Qxe5 26. Qxe5 Rxe5
27. Rd4 Rde8 28. Bg4 f5 29. Bd1 Nc3 30. Bc2 Kf7 31. g4 Kf6 32. Rf4 Nb5 33.
Kh2 Nc3 34. Kg2 Ne4 35. Bd3 Kg5 36. h4+ Kf6 37. h5 gxh5 38. Rxf5+ Rxf5 39.
gxf5 Nc3 40. Rh1 Kg5 41. Kf3 h4 42. Rg1+ Kf6 43. Rg6+ Kf7 44. Rg4 Rh8 45.
Kg2 h3+ 46. Kh2 Nd1 47. Rf4 Kf6 48. Bf1 Ke5 49. Bxh3 d4 50. Rg4 Rxh3+ 51.
Kxh3 Nxf2+ 52. Kg3 Nxg4 53. exd4+ Kxf5 54. b5 axb5 55. d5 Ne5 56. dxc6 Nxc6
{White resigns}
0-1

[Event "ICC tourney 2132 (75 10)"]
[Site "Internet Chess Club"]
[Date "2020.11.14"]
[Round "2"]
[White "IAlwaysWin"]
[Black "kittycat35"]
[Result "1-0"]
[ICCResult "Black resigns"]
[WhiteElo "1977"]
[BlackElo "1691"]
[Opening "Réti opening"]
[ECO "A06"]
[NIC "QP.09"]
[Time "13:32:40"]
[TimeControl "4500+10"]

1. Nf3 d5 2. e3 Nf6 3. c4 c6 4. b3 Bg4 5. cxd5 cxd5 6. Bb5+ Nc6 7. Qc2 Bd7
8. Bb2 e6 9. O-O a6 10. Be2 Bd6 11. d4 Qc7 12. Nbd2 h6 13. Rac1 Rc8 14. Qb1
Qb8 15. Qa1 O-O 16. Ne5 Bxe5 17. dxe5 Nh7 18. a3 Ne7 19. Bd3 Rxc1 20. Rxc1
Rc8 21. b4 b5 22. Nb3 Rxc1+ 23. Qxc1 Qc8 24. Nc5 Nc6 25. Qd2 Nf8 26. f4 Ne7
27. Qe2 g6 28. g4 Bc6 29. Bd4 Nd7 30. Qf2 Kh7 31. h4 Nxc5 32. Bxc5 Ng8 33.
h5 Bd7 34. Qh4 Qe8 35. Kf2 Kg7 36. Bd4 Kh7 37. Bb6 Ne7 38. hxg6+ fxg6 39. g5
h5 40. Qxh5+ Kg8 41. Qh6 Qf7 42. Bd8 Nf5 43. Bxf5 exf5 44. Bf6 Qh7 45. Qxh7+
Kxh7 46. Ke2 Kg8 47. Kd3 Kf7 48. Kd4 Ke6 49. Kc5 Bc8 50. Kc6 Bd7+ 51. Kb6
Bc8 52. Kc7 Bd7 53. Kb7 Be8 54. Kxa6 Bc6 55. Kb6 Bd7 56. Kc7 Be8 57. Kb6 Bd7
58. Bd8 Be8 59. Bc7 Bd7 60. Bd6 Be8 61. a4 bxa4 62. b5 Kd7 63. Ka5 Kc8 64.
Kb6 Bd7 65. Ka6 Be8 66. e6 a3 67. Bxa3 Kb8 68. Bd6+ Ka8 69. b6 Bc6 70. e7
Bb7+ 71. Kb5 {Black resigns} 1-0

[Event "ICC tourney 2132 (75 10)"]
[Site "Internet Chess Club"]
[Date "2020.11.14"]
[Round "2"]
[White "xyzchessdude"]
[Black "cdj12417489"]
[Result "1-0"]
[ICCResult "Black resigns"]
[WhiteElo "2007"]
[BlackElo "1259"]
[Opening "English opening"]
[ECO "A05"]
[NIC "KI.79"]
[Time "13:32:25"]
[TimeControl "4500+10"]

1. Nf3 Nf6 2. c4 g6 3. g3 Bg7 4. Bg2 O-O 5. O-O d6 6. d4 e5 7. Nc3 exd4 8.
Nxd4 Re8 9. h3 c6 10. b3 d5 11. cxd5 Nxd5 12. Nxd5 cxd5 13. e3 Nc6 14. Bb2
Nxd4 15. Bxd4 Bxd4 16. Qxd4 Be6 17. Rac1 Qa5 18. Rc2 Rac8 19. Rfc1 Rxc2 20.
Rxc2 Rd8 21. Kh2 h5 22. h4 Qb6 23. Rc5 Qd6 24. b4 b6 25. Rc2 Qd7 26. Rd2 Qd6
27. e4 a5 28. a3 axb4 29. axb4 Rc8 30. exd5 Bf5 31. Ra2 Rb8 32. Ra7 f6 33.
Qd2 Qf8 34. Qf4 Rd8 35. Be4 Bxe4 36. Qxe4 Qe8 37. Re7 Qxe7 38. Qxe7 Rf8 39.
d6 {Black resigns} 1-0

[Event "ICC tourney 2132 (75 10)"]
[Site "Internet Chess Club"]
[Date "2020.11.14"]
[Round "2"]
[White "Joshua1"]
[Black "mancogu"]
[Result "1/2-1/2"]
[ICCResult "Game drawn by repetition"]
[WhiteElo "1852"]
[BlackElo "1612"]
[Opening "QGD: exchange, positional line, 6.Qc2"]
[ECO "D36"]
[NIC "QO.16"]
[Time "13:32:20"]
[TimeControl "4500+10"]

1. d4 d5 2. c4 e6 3. Nc3 Nf6 4. cxd5 exd5 5. Bg5 c6 6. Qc2 Be7 7. e3 Nbd7 8.
Bd3 h6 9. Bh4 Nf8 10. Nge2 Ne6 11. O-O O-O 12. f3 b6 13. Bf2 Bb7 14. e4 c5
15. e5 Nd7 16. f4 cxd4 17. Bxd4 Bc5 18. Bxc5 bxc5 19. Bf5 Nb6 20. b3 a6 21.
Rad1 Qc7 22. a4 d4 23. Ne4 Bxe4 24. Bxe4 Rac8 25. h4 Nd8 26. Bf5 Ne6 27.
Bh7+ Kh8 28. f5 Kxh7 29. fxe6+ Kh8 30. exf7 Nd5 31. Nf4 Nxf4 32. Rxf4 Qxe5
33. Qf2 Qe3 34. Qxe3 dxe3 35. Rd7 Rc6 36. Kf1 g6 37. Re7 Kg7 38. Ke2 Rb6 39.
Rxe3 Rxf7 40. Rxf7+ Kxf7 41. Rc3 Rc6 42. Kd3 Ke6 43. Kc4 Kd6 44. Rd3+ Kc7
45. a5 Rd6 46. Rxd6 Kxd6 47. Kd3 Kd5 48. g4 h5 49. g5 Ke5 50. Kc4 Kd6 51.
Kc3 Kd5 52. Kd3 Ke5 53. Kc4 Kd6 54. Kc3 Kd5 55. Kd3 Ke5 56. Kc4 Kd6 57. Kc3
{Game drawn by repetition}
1/2-1/2

[Event "ICC tourney 2132 (75 10)"]
[Site "Internet Chess Club"]
[Date "2020.11.14"]
[Round "2"]
[White "ashay7"]
[Black "Mapking1"]
[Result "0-1"]
[ICCResult "White forfeits on time"]
[WhiteElo "1889"]
[BlackElo "1809"]
[Opening "Sicilian: closed, 2...Nc6"]
[ECO "B23"]
[NIC "SI.44"]
[Time "13:32:33"]
[TimeControl "4500+10"]

1. e4 c5 2. Nc3 Nc6 3. Bb5 Nd4 4. Nf3 a6 5. Bd3 g6 6. b4 Nxf3+ 7. Qxf3 cxb4
8. Nd5 Bg7 9. Rb1 e6 10. Ne3 a5 11. a3 Ne7 12. axb4 O-O 13. b5 d5 14. Ba3
Re8 15. O-O dxe4 16. Bxe4 Rb8 17. Nc4 Nf5 18. c3 b6 19. d4 Qc7 20. Ne5 Bb7
21. Bxb7 Rxb7 22. Qc6 Rc8 23. g4 Bxe5 24. dxe5 Ne7 25. Qe4 Nd5 26. c4 Nc3
27. Qf3 Nxb1 28. Rxb1 Ra7 29. h3 Rd8 30. Qe4 a4 31. Rc1 Qd7 32. Qe3 Qd4 33.
Qxd4 Rxd4 34. c5 Rc7 35. c6 Rd5 36. Rb1 Rd3 37. Bd6 Rc8 38. Ra1 Ra8 39. c7
Rc3 40. Kf1 a3 41. g5 a2 42. Ke2 Rb3 {White forfeits on time} 0-1

[Event "ICC tourney 2132 (75 10)"]
[Site "Internet Chess Club"]
[Date "2020.11.14"]
[Round "3"]
[White "kirikiri007"]
[Black "HarleyQueen8"]
[Result "0-1"]
[ICCResult "White resigns"]
[WhiteElo "1567"]
[BlackElo "1878"]
[Opening "Sicilian: Canal-Sokolsky attack, 3...Bd7"]
[ECO "B52"]
[NIC "SI.01"]
[Time "17:01:40"]
[TimeControl "4500+10"]

1. e4 c5 2. Nf3 d6 3. Bb5+ Bd7 4. Bxd7+ Qxd7 5. O-O Nc6 6. c3 Nf6 7. Re1 e6
8. d4 cxd4 9. cxd4 Be7 10. Nc3 O-O 11. Be3 d5 12. e5 Ne8 13. Rc1 Nc7 14. Qd2
Na5 15. Nxd5 Nxd5 16. a3 Nb3 17. Qd3 Nxc1 18. Rxc1 Nxe3 19. Qxe3 Rac8 20.
Rd1 Qa4 21. Qe2 Rc2 22. Qd3 Rxb2 {White resigns} 0-1

[Event "ICC tourney 2132 (75 10)"]
[Site "Internet Chess Club"]
[Date "2020.11.14"]
[Round "3"]
[White "DanielA1926"]
[Black "matthewrex"]
[Result "1-0"]
[ICCResult "Black resigns"]
[WhiteElo "1564"]
[BlackElo "1511"]
[Opening "Nimzo-Indian: Leningrad variation"]
[ECO "E30"]
[NIC "NI.25"]
[Time "17:01:42"]
[TimeControl "4500+10"]

1. d4 Nf6 2. c4 e6 3. Bg5 Bb4+ 4. Nc3 Bxc3+ 5. bxc3 O-O 6. Nf3 d5 7. e3 b6
8. Bd3 Bb7 9. cxd5 Bxd5 10. e4 Bb7 11. e5 h6 12. Bh4 g5 13. Nxg5 Qd5 14.
exf6 Qxg2 15. Qh5 Qxh1+ 16. Ke2 Qxa1 17. Bh7+ Kh8 18. Qxh6 Ba6+ 19. Bd3+
{Black resigns}
1-0

[Event "ICC tourney 2132 (75 10)"]
[Site "Internet Chess Club"]
[Date "2020.11.14"]
[Round "3"]
[White "Kausy"]
[Black "BadWolf"]
[Result "1-0"]
[ICCResult "Black resigns"]
[WhiteElo "1810"]
[BlackElo "1945"]
[Opening "French: advance, Paulsen attack"]
[ECO "C02"]
[NIC "FR.03"]
[Time "17:01:40"]
[TimeControl "4500+10"]

1. e4 e6 2. d4 d5 3. e5 c5 4. c3 Nc6 5. Nf3 Qb6 6. a3 Nh6 7. Bd3 Nf5 8. Bxf5
exf5 9. b4 cxd4 10. cxd4 Be7 11. O-O O-O 12. Nc3 Be6 13. Be3 f6 14. Na4 Qc7
15. Bf4 fxe5 16. Nxe5 Bd6 17. Re1 Nxe5 18. Bxe5 Rae8 19. Nc5 b6 20. Nd3 Bc8
21. Qf3 Bb7 22. Bxd6 Rxe1+ 23. Rxe1 Qxd6 24. Re5 g6 25. h3 a5 26. Qe3 Rf7
27. Re8+ Kg7 28. Ne5 Re7 29. Rxe7+ Qxe7 30. bxa5 bxa5 31. Qc3 Qd8 32. Qc5
Qc8 33. Qe7+ Kh6 34. Nf7+ {Black resigns} 1-0